Bob, lawful male human Samurai ---------- ----- # |........| ##-...| -----+---|-- |........| # |(..| |..........| |........| ###########%%##%%####-...| ##...........| |.......%-#########--------- # |...| # |..........| |........| |....>...###########.<..| ### ---.-------- --------.- ##........| # --.-- # # # # |.......-###### # # # # ### --------- # # ### ### # # # # # ### # # ### ### # # # # # ### -|-------------# -------|---- ----- # |.............|# |..........| |....##### ---- |)............-# ....`.(.[``| |...| |T@.###%##i.{............| |.......``.| |.... |.D| |.............| |...`````.`| |...| ---- --------------- |.....`.`..| ----- ------------ Bob the Joshu Experience level: 13 Strength: 18 Dexterity: 18 Constitution: 18 Intelligence: 4 Wisdom: 11 Charisma: 5 Health: 0(155) Energy: 32(32) Def: 22 Gold: 0 Moves: 19458 Dungeon seed: 5XZ9EvPRwfkBDpTb Game ID: Bob_1685772908 Your Inventory: Amulets j - an uncursed amulet of reflection (being worn) D - an uncursed amulet of magical breathing Weapons c - an uncursed +0 yumi (alternate weapon; not wielded) m - 31 uncursed +0 ya (in quiver) Z - the blessed rustproof +0 Excalibur (weapon in hand) Armor e - an uncursed +0 pair of speed boots (being worn) y - an uncursed +0 cloak of protection (being worn) K - an uncursed +0 orcish helm of telepathy (being worn) V - an uncursed rustproof +0 splint mail (being worn) Y - an uncursed +0 elven shield (being worn) Comestibles L - an uncursed lizard corpse Rings g - an uncursed ring of conflict B - an uncursed ring of free action (on left hand) O - an uncursed ring of polymorph control Wands x - an uncursed wand of cancellation (0:6) C - an uncursed wand of nothing (0:6) N - an uncursed wand of digging (0:3) S - an uncursed wand of cold (0:3) U - an uncursed wand of polymorph (0:1) W - an uncursed wand of digging (0:7) Tools a - an uncursed magic whistle h - an uncursed tooled horn l - an uncursed skeleton key n - an uncursed towel p - an uncursed oil lamp (0:507) F - a blessed greased fireproof bag of holding Gems v - a blessed luckstone Contents of the bag of holding: 12678 gold pieces a blessed +0 pair of yugake an uncursed +0 pair of yugake an uncursed +0 pair of yugake 15 uncursed C-rations 20 uncursed K-rations 2 uncursed gunyoki 2 uncursed lembas wafers an uncursed lizard corpse an uncursed scroll of amnesia 4 uncursed scrolls of blank paper a cursed scroll of confuse monster an uncursed scroll of destroy armor a blessed scroll of earth 3 uncursed scrolls of earth 3 uncursed scrolls of enchant armor a cursed scroll of enchant armor a blessed scroll of fire 2 uncursed scrolls of food detection an uncursed scroll of genocide a cursed scroll of genocide 2 uncursed scrolls of gold detection a blessed scroll of magic mapping 2 uncursed scrolls of magic mapping a cursed scroll of magic mapping an uncursed scroll of recall a cursed scroll of stinking cloud a blessed scroll of summoning 2 uncursed scrolls of summoning 2 blessed scrolls of teleportation 4 uncursed scrolls of teleportation a cursed scroll of teleportation a cursed potion of blindness an uncursed potion of confusion an uncursed potion of enlightenment a cursed potion of extra healing a blessed potion of full healing an uncursed potion of gain energy a blessed potion of gain level 3 uncursed potions of gain level an uncursed potion of healing a cursed potion of healing a potion of holy water an uncursed potion of monster detection a blessed potion of object detection 2 uncursed potions of object detection 2 blessed potions of oil 2 cursed potions of oil 2 uncursed potions of paralysis a cursed potion of paralysis an uncursed potion of restore ability a cursed potion of restore ability an uncursed potion of sake an uncursed potion of sickness a cursed potion of sleeping an uncursed potion of speed a potion of unholy water an uncursed +1 ring of carrying a cursed -1 ring of increase accuracy an uncursed ring of invisibility an uncursed ring of poison immunity a cursed ring of polymorph an uncursed +2 ring of protection a cursed -1 ring of protection an uncursed ring of regeneration an uncursed ring of sustain ability a cursed ring of teleportation an uncursed wand of fire (0:8) an uncursed wand of fire (0:5) an uncursed wand of lightning (0:5) an uncursed wand of polymorph (0:4) an uncursed wand of secret door detection (0:13) an uncursed wand of secret door detection (0:11) an uncursed wand of sleep (0:7) an uncursed wand of sleep (0:3) an uncursed wand of slow monster (0:5) an uncursed wand of slow monster (0:5) an uncursed wand of speed monster (0:5) an uncursed wand of striking (0:0) an uncursed brass lantern (0:1498) an uncursed magic marker (0:66) an uncursed +0 pick-axe Spells and supernatural/magical abilities: Name Level Category Cost Memory l - light 1 divination 1000pw 83% W - pray for help -- divine ? -- Your skills at the end: Fighting Skills martial arts [Basic] wands [Basic] Weapon Skills short sword [Basic] long sword [Expert] bow [Basic] Spellcasting Skills Final Attributes: You were piously aligned. You were cold resistant. You were level-drain resistant. You saw invisible. You were strongly telepathic. You were protected. You were slow. You had reflection. You had free action. You were very lucky. You had extra luck. Good luck did not time out for you. You last prayed 5021 turns ago, and used 1 wish since then. Amaterasu Omikami was noncommittal. You are dead. Vanquished creatures: a black dragon 2 titanotheres 3 vampire lords a captain a lich a vampire 6 ghosts 3 lieutenants 2 mind flayers 4 giant mimics 3 rock trolls an umber hulk a bone devil 5 large mimics a wumpus 3 long worms 4 stalkers an earth elemental a water elemental a giant mummy 9 sergeants 2 barbed devils a vrock 7 wargs a winter wolf 6 small mimics a glass piercer a warhorse 3 xans 2 ettin mummies 2 ogre lords 8 trolls 2 sasquatches 3 wood golems 3 erinyes 3 mariliths a djinni a gelatinous cube 2 large dogs a freezing sphere 4 flaming spheres 2 shocking spheres a tiger a gargoyle 4 leocrottas a mountain centaur a stone giant a pit viper 2 cobras 9 wraiths 3 carnivorous apes 4 ettin zombies a leather golem a Grey-elf 56 soldiers 4 horned devils 3 incubi 5 chameleons a crocodile 6 giant beetles a quivering blob 6 cockatrices 16 wolves 11 winter wolf cubs a lynx 2 panthers a gremlin a spotted jelly 43 leprechauns 2 orc-captains an iron piercer 6 giant spiders 2 scorpions an ice vortex 5 black lights 2 vampire bats a forest centaur 2 gnome kings 3 orc mummies 2 dwarf mummies a rust monster 8 owlbears 7 yetis 2 giant eels 5 lizards a dog a dingo 4 housecats 3 jaguars a blue jelly a black unicorn 4 dust vortices 3 ravens 6 plains centaurs 3 gnome mummies 3 snakes 4 water moccasins 11 apes 13 human zombies 2 rope golems 4 Woodland-elves 2 soldier ants 4 fire ants 17 bugbears a quasit 2 wood nymphs 2 water nymphs a mountain nymph 2 Mordor orcs 5 Uruk-hai 7 rock piercers 7 rock moles 4 fog clouds 3 yellow lights 3 shriekers 18 gnome lords 7 gnomish wizards 2 kobold mummies 2 golden naga hatchlings 2 guardian naga hatchlings 3 gray oozes an elf zombie 7 ghouls 2 straw golems 3 paper golems 3 jellyfish a baby crocodile 17 giant ants a little dog 8 floating eyes 2 kittens 4 dwarves 2 homunculi 3 kobold lords a kobold shaman 15 hill orcs 11 rothes 3 rabid rats 4 giant bats 2 monkeys 4 orc zombies 6 dwarf zombies a wererat a werejackal 16 iguanas 14 killer bees 2 acid blobs a coyote 2 gas spores 4 hobbits 4 manes 28 hobgoblins 5 giant rats 3 cave spiders a brown mold a green mold a red mold 57 gnomes 6 garter snakes 10 gnome zombies 9 geckos 4 jackals 8 foxes 2 kobolds 5 goblins 9 sewer rats 6 grid bugs 9 bats 5 lichens 7 kobold zombies 12 newts 837 creatures vanquished. Genocided or extinct species: erinyes (extinct) 1 species extinct. Voluntary challenges: You had been an atheist until turn 5180. You used a wielded weapon 1485 times, starting on turn 49. You read items or engraved 6 times, starting on turn 5320. You never genocided any monsters. You polymorphed 1 item, starting on turn 12193. You changed form 2 times, starting on turn 15868. You used 1 wish, starting on turn 15449. You did not wish for any artifacts. You never split a pudding. You never wrote Elbereth's name. You violated your moral code, losing 103 points of alignment, starting on turn 18555. Dungeon overview: The Dungeons of Doom: levels 1 to 22 Level 1 a fountain a long staircase Level 2 Level 3 a jewelry store, a sink stairs to The Gnomish Mines Level 4 a general store Level 5 some fountains Level 6 Level 7 stairs to Sokoban Level 8 (v) a vault Level 9 a sink Level 10 Level 11 Level 12 ($ <) a sink, a vault portal to The Quest Level 13 <- You were here a fountain, a vault portal to Fort Ludios Level 14 a fountain Level 15 Level 16 a vault Level 17 Level 18 a temple to Amaterasu Omikami, a fountain, a vault Level 19 an armor shop, an altar to Amaterasu Omikami Level 20 a vault Level 21 Level 22 The Gnomish Mines: levels 4 to 11 Level 4 stairs to The Dungeons of Doom Level 5 Level 6 Level 7 many shops, a temple to Susanowo, some fountains Level 8 Level 9 Level 10 Level 11 some fountains The Quest: Level 1 portal to The Dungeons of Doom Sokoban: levels 3 to 6 Level 3 Solved Level 4 Solved Level 5 Solved Level 6 Solved stairs to The Dungeons of Doom Fort Ludios: Level 1 portal to The Dungeons of Doom History has recorded: On T:1 you entered the Dungeons of Doom to retrieve the Amulet of Yendor! On T:28 you reached level 2 of The Dungeons of Doom. On T:46 you reached level 3 of The Dungeons of Doom. On T:323 you reached level 1 of The Gnomish Mines. On T:363 you reached level 4 of The Dungeons of Doom. On T:447 you reached level 5 of The Dungeons of Doom. On T:529 you advanced to experience level 2. On T:573 you advanced to experience level 3. On T:802 you reached level 6 of The Dungeons of Doom. On T:1040 you advanced to experience level 4. On T:1058 you reached level 7 of The Dungeons of Doom. On T:1163 you reached level 4 of Sokoban. On T:1188 you advanced to experience level 5. On T:1508 you reached level 3 of Sokoban. On T:1996 you reached level 2 of Sokoban. On T:2365 you reached level 1 of Sokoban. On T:2389 you advanced to experience level 6. On T:3388 you reached level 8 of The Dungeons of Doom. On T:3411 you reached level 9 of The Dungeons of Doom. On T:3910 you advanced to experience level 7. On T:4845 you reached level 2 of The Gnomish Mines. On T:4961 you reached level 3 of The Gnomish Mines. On T:5092 you reached level 4 of The Gnomish Mines. On T:5274 you advanced to experience level 8. On T:6448 you reached level 5 of The Gnomish Mines. On T:6697 you reached level 6 of The Gnomish Mines. On T:6755 you reached level 7 of The Gnomish Mines. On T:7473 you advanced to experience level 9. On T:7565 you reached level 8 of The Gnomish Mines. On T:10402 you reached level 10 of The Dungeons of Doom. On T:10789 you reached level 11 of The Dungeons of Doom. On T:11144 you reached level 12 of The Dungeons of Doom. On T:12155 you reached level 13 of The Dungeons of Doom. On T:12240 you reached level 14 of The Dungeons of Doom. On T:14685 you advanced to experience level 10. On T:14973 you reached level 15 of The Dungeons of Doom. On T:15139 you reached level 16 of The Dungeons of Doom. On T:15256 you reached level 17 of The Dungeons of Doom. On T:15449 you wished for "blessed greased fireproof bag of holding". On T:15635 you reached level 18 of The Dungeons of Doom. On T:15656 you reached level 19 of The Dungeons of Doom. On T:15849 you reached level 20 of The Dungeons of Doom. On T:15967 you advanced to experience level 11. On T:16481 you reached level 21 of The Dungeons of Doom. On T:17139 you reached level 22 of The Dungeons of Doom. On T:17160 you advanced to experience level 12. On T:17873 you reached level 1 of The Quest. On T:18459 you reached Fort Ludios. On T:18910 you advanced to experience level 13. Score breakdown: Gold: 12678 (13957 points) Experience: 13 levels (19298 points) Exploration: 22 levels ( 47.83%) (20493 points) Discoveries: 55 items ( 22.00%) (14071 points) Valuables value: (no points given unless you survive) Artifact value: 4000 (12253 points) Variety of kills: 171 monsters ( 45.00%) (20124 points) Turncount: 19458 turns (-3362 points) Survival: died (score multiplied by 80%) Total score: 77467 Latest messages: There are a few objects here. You hit the rock troll! The rock troll wields a silver saber! The silver dragon bites! The silver dragon hits! (2x) You hit the rock troll! (2x) The rock troll swings his silver saber at you. The rock troll hits! (2x) The rock troll bites! The silver dragon bites! The silver dragon hits! (2x) You activated a magic portal! You feel dizzy for a moment, but the sensation passes. The silver dragon casts a spell! You feel abnormally slow. The rock troll swings his silver saber at you. The rock troll hits! The rock troll misses. (2x) The silver dragon bites! The silver dragon hits! (2x) You die... Final status: Sayonara Bob the Samurai, killed by a silver dragon... You died in The Dungeons of Doom on dungeon level 13 with 77467 points, and 12678 pieces of gold, after 19458 moves. You were level 13 with a maximum of 155 hit points when you died.